 Dungeon Crawl Stone Soup version 0.31-a0-765-g67fe2935dc (webtiles) character file.

Game seed: 1062637001854628299

2857 Maratek the Cleaver (level 9, -2/61 HPs)
             Began as a Demonspawn Fighter on Sept 15, 2023.
             Was a Follower of Hepliaklqana.
             Killed by divine providence
             ... invoked by an orc priest
              (17 damage)
             ... on level 8 of the Dungeon.
             The game lasted 00:13:17 (6885 turns).

Maratek the Cleaver (Demonspawn Fighter)            Turns: 6885, Time: 00:13:18

Health: -2/61      AC: 11    Str: 20    XL:     9   Next: 47%
Magic:  18/18      EV: 12    Int: 10    God:    Hepliaklqana [*.....]
Gold:   389        SH:  5    Dex: 13    Spells: 8/8 levels left

rFire   . . .        C - +4 war axe (flame)
rCold   . . .        c - +0 buckler
rNeg    . . .        w - +4 scale mail {rPois}
rPois   +            (helmet restricted)
rElec   .            (no cloak)
rCorr   .            (no gloves)
SInv    .            (no boots)
Will    .....        (no amulet) Stlth
                     b - ring of magical power
HPRegen 0.30/turn    l - ring of poison resistance
MPRegen 0.16/turn

%: no passive effects
@: studying Shields
A: reduced essence, antennae 2, repulsion field 1, ignite blood 1, demonic magic
1
a: Renounce Religion, Recall Ancestor, Ancestor Identity


You were on level 8 of the Dungeon.
You worshipped Hepliaklqana.
Hepliaklqana was aware of your devotion.
You visited 1 branch of the dungeon, and saw 8 of its levels.

You collected 389 gold pieces.

Inventory:

Hand Weapons
 C - a +4 war axe of flaming (weapon)
Missiles
 f - 2 throwing nets
Armour
 c - a +0 buckler (worn)
 w - a +4 scale mail of poison resistance (worn)
Jewellery
 a - an amulet of magic regeneration
 b - a ring of magical power (left hand)
 l - a ring of poison resistance (right hand)
Wands
 e - a wand of charming (8)
 p - a wand of digging (5)
 v - a wand of flame (35)
 y - a wand of mindburst (10)
 A - a wand of roots (5)
Scrolls
 g - a scroll of fear
 h - 2 scrolls of amnesia
 i - 2 scrolls of revelation
 n - a scroll of vulnerability
Potions
 d - a potion of might
 j - 2 potions of mutation {unknown}
 k - a potion of berserk rage {unknown}
 q - a potion of enlightenment {unknown}
 t - 3 potions of curing
 z - 3 potions of heal wounds {unknown}


   Skills:
 + Level 5.6 Fighting
 + Level 8.4 Axes
 + Level 5.8 Armour
 + Level 3.0 Dodging
 + Level 1.4 Stealth
 + Level 5.5 Shields
 + Level 1.0 Evocations


You had 8 spell levels left.
You didn't know any spells.
Your spell library contained the following spells:

 Spells                   Type           Power      Damage    Failure   Level
 Call Canine Familiar     Summ           0%         N/A       98%         3
 Dazzling Flash           Conj/Hex       0%         N/A       98%         3
 Frozen Ramparts          Ice            0%         1d1       98%         3
 Sigil of Binding         Hex            0%         N/A       98%         3
 Dimensional Bullseye     Hex/Tloc       0%         N/A       100%        4
 Leda's Liquefaction      Hex/Erth       0%         N/A       100%        4
 Petrify                  Tmut/Erth      0%         N/A       100%        4
 Agony                    Necr           0%         N/A       100%        5
 Metabolic Englaciation   Hex/Ice        0%         N/A       100%        5
 Silence                  Hex/Air        0%         N/A       100%        5


Dungeon Overview and Level Annotations

Branches:
Dungeon (8/15)             Temple (0/1) D:6
   Lair: D:8-11

Altars:
Cheibriados
Dithmenos
Hepliaklqana
Makhleb
Okawaru
Sif Muna

Annotations:
D:3 1 runed translucent door, Crazy Yiuf
D:6 Blork the orc, Jeremiah


Innate Abilities, Weirdness & Mutations

Your life essence is reduced to manifest your ancestor. (-10% HP)
You have a pair of antennae on your head.
You are surrounded by a mild repulsion field. (EV +2)
Your demonic aura sometimes causes spilled blood to erupt in flames.
Spells you cast may paralyse adjacent enemies.


Message History

Something hits you but does no damage. The orc warrior closely misses you.
The orc wizard hits you but does no damage.
The orc priest closely misses you.
The orc priest mumbles some strange prayers to Beogh against you.
Beogh smites you!
* * * LOW HITPOINT WARNING * * *
You are too injured to fight recklessly!
Unknown command.
You are too injured to fight recklessly!
Unknown command.
You are too injured to fight recklessly!
Unknown command.
Read: scroll of poison
Press: ? - help, Q - select action, (/) - cycle Dir - look around, f - activate Look: an orc wizard, wielding a +0 dagger and wearing a +0 robe The air fills with toxic fumes!
As you read the scroll of poison, it crumbles to dust.
Nhalahla hits something.
Something hits you but does no damage. The orc warrior misses you.
The orc priest calls upon Beogh to heal the orc warrior.
The orc warrior is healed somewhat.
The orc priest closely misses you.
The orc wizard hits you with a +0 dagger.
* * * LOW HITPOINT WARNING * * *
Nhalahla hits something.
Reactivating autopickup.
You feel a bit more experienced.
The orc wizard gestures at you while chanting.
Nhalahla appears confused.
The orc priest calls upon Beogh to heal the orc warrior.
The orc warrior's wounds heal themselves!
The orc warrior hits Nhalahla with a +0 battleaxe!
The orc priest casts a cantrip, but nothing happens.
Items here: ( ))) †.
The orc wizard gestures wildly while chanting.
The orc wizard flickers and vanishes!
Deactivating autopickup; reactivate with Ctrl-A.
The orc priest calls upon Beogh to heal the orc wizard.
The orc priest mumbles some strange prayers to Beogh against you.
Beogh smites you!
You die...

.................
....§§§§☼§§§oo.#
....☼§§§R§ooo§.#
...§§☼§§§☼o)§.##
...§§☼§§☼§..§..#
##§§§§§§§§§...#
#§§§§§§§####+#
..# ###§§§§§§§+
... ###.§@☼#....#
...
##...§###....#
...# ###...###
#....# ....
##...### #....+
.... ###...##
#....#
....##...###
...... .......###
...... .....###
.....#


You could see the friendly Nhalahla the ancestor (confused), an orc warrior
(ally target), 2 orc priests, an orc wizard and an orc.

Vanquished Creatures
  Grinder (D:3)
  A yak (D:5)
  2 steam dragons (D:7)
  A water moccasin (D:5)
  An orc warrior (D:7)
  A black bear (D:5)
  A sky beast (D:6)
  2 phantoms (D:4)
  A bullfrog (D:7)
  15 wights
  A howler monkey (D:4)
  2 hounds
  A jelly (D:7)
  3 iguanas
  4 orc priests
  A sleepcap (D:7)
  Jessica (D:2)
  Terence (D:2)
  4 orc wizards
  Natasha (thrice) (D:2)
  3 gnolls (D:5)
  6 adders
  A shadow imp (D:7)
  An ufetubus (D:5)
  A worm (D:4)
  3 dart slugs
  22 orcs
  3 ball pythons
  3 bats
  4 endoplasms
  5 giant cockroaches
  3 goblins
  6 hobgoblins
  2 quokkas
  3 frilled lizards
  8 kobolds
121 creatures vanquished.

Vanquished Creatures (collateral kills)
  A kobold brigand (D:8)
  A wight (D:7)
  An adder (D:6)
  An orc (D:8)
  A kobold (D:8)
5 creatures vanquished.

Vanquished Creatures (others)
  An ancestor (D:7)
1 creature vanquished.

Grand Total: 127 creatures vanquished

Notes
Turn   | Place    | Note
-------+----------+-------------------------------------------
     0 | D:1      | Maratek the Demonspawn Fighter began the quest for the Orb.
     0 | D:1      | Reached XP level 1. HP: 18/18 MP: 1/1
   370 | D:2      | Gained mutation: Your demonic aura sometimes causes spilled
                  | blood to erupt in flames. [demonic ancestry]
   370 | D:2      | Reached XP level 2. HP: 24/24 MP: 2/2
   375 | D:2      | Reached skill level 2 in Axes
   402 | D:2      | Noticed Natasha
   404 | D:2      | Noticed Terence
   613 | D:4      | Noticed a phantom
   662 | D:3      | Reached XP level 3. HP: 29/29 MP: 3/3
   714 | D:3      | Noticed Grinder
   725 | D:3      | Paralysed by Grinder for 2 turns
   735 | D:3      | Killed Grinder
   736 | D:3      | Reached skill level 3 in Axes
   736 | D:3      | Reached XP level 4. HP: 20/37 MP: 4/4
   736 | D:3      | Gained mutation: You have a pair of small antennae on your
                  | head. [demonic ancestry]
   736 | D:3      | Reached XP level 5. HP: 23/42 MP: 5/5
   855 | D:3      | Found a snail-covered altar of Cheibriados.
  1220 | D:3      | Found a runed translucent door.
  1221 | D:3      | Noticed Crazy Yiuf
  1745 | D:2      | Noticed Jessica
  1751 | D:2      | Killed Jessica
  1752 | D:2      | Gained mutation: You have a pair of antennae on your head.
                  | [demonic ancestry]
  1752 | D:2      | Reached XP level 6. HP: 35/48 MP: 6/6
  1907 | D:2      | Reached skill level 1 in Dodging
  2059 | D:2      | Killed Terence
  2296 | D:2      | Killed Natasha
  2381 | D:2      | Noticed Natasha
  2389 | D:2      | Killed Natasha
  2447 | D:2      | Noticed Natasha
  2457 | D:2      | Killed Natasha
  2682 | D:4      | Reached skill level 4 in Axes
  2700 | D:4      | Found a shimmering blue altar of Sif Muna.
  2759 | D:4      | Reached XP level 7. HP: 34/54 MP: 7/7
  3003 | D:4      | Found an iron altar of Okawaru.
  3305 | D:5      | Entered Level 5 of the Dungeon
  3724 | D:5      | Found a hazy altar of Hepliaklqana.
  3778 | D:5      | Noticed a yak
  3798 | D:5      | Killed a yak
  3799 | D:5      | Reached skill level 5 in Axes
  4132 | D:5      | Became a worshipper of Hepliaklqana the Forgotten
  4359 | D:5      | Gained mutation: You are surrounded by a mild repulsion
                  | field. (EV +2) [demonic ancestry]
  4359 | D:5      | Reached XP level 8. HP: 60/61 MP: 8/8
  4539 | D:5      | Reached skill level 1 in Evocations
  4668 | D:5      | Reached skill level 5 in Armour
  4691 | D:5      | Reached skill level 6 in Axes
  4948 | D:6      | Reached skill level 1 in Stealth
  4996 | D:6      | Reached * piety under Hepliaklqana
  5093 | D:6      | Found a staircase to the Ecumenical Temple.
  5095 | D:6      | Noticed Jeremiah
  5097 | D:6      | Noticed Blork the orc
  5214 | D:7      | Found a shadowy altar of Dithmenos.
  5237 | D:7      | Reached skill level 7 in Axes
  5639 | D:7      | Reached skill level 5 in Fighting
  5758 | D:7      | Gained mutation: Spells you cast may paralyse adjacent
                  | enemies. [demonic ancestry]
  5758 | D:7      | Reached XP level 9. HP: 54/61 MP: 9/9
  5954 | D:7      | Found a burning altar of Makhleb.
  6509 | D:7      | Reached skill level 8 in Axes
  6509 | D:7      | Reached skill level 5 in Shields
  6885 | D:8      | Killed from afar by an orc priest

Illustrated notes

Levels and vault maps discovered:
D:1:      reono_arrival_forest_river, layout_rooms
D:2:      minmay_kobold_bridge, layout_basic, uniq_terence, uniq_natasha,
          uniq_jessica
D:3:      layout_basic, cheibriados_altar_1, uniq_crazy_yiuf_cottage,
          uniq_grinder
D:4:      layout_gridville, okawaru_trees_2, lemuel_tele_altar
D:5:      layout_cave_pods, nicolae_hepliaklqana_hippocampus,
          minmay_strange_pillars, nicolae_hexahallways, minmay_manual_maat
D:6:      layout_loops_ring, minmay_temple_entry_tees,
          chequers_serial_rivers_small_a, nicolae_elevator_lobby_plus,
          uniq_blork_the_orc, uniq_jeremiah, uniq_sigmund, uniq_pikel
D:7:      layout_layer_cave, mainiacjoe_overflow_cross_hatched,
          lemuel_crystal_altar
D:8:      layout_cave_pods, mainiacjoe_overflow_six_doors_small,
          nicolae_uskayaw_en_pointe, dpeg_oklobed_lair, serial_shops,
          nicolae_shop_bloodbath_and_beyond

Skill      XL: |  1  2  3  4  5  6  7  8  9 |
---------------+----------------------------+-----
Axes           | 2 3 4 5 7 8 |  8.4
Armour         | 3 4 5 |  5.8
Shields        | 3 4 5 |  5.5
Dodging        | 1 2 3 |  3.0
Fighting       | 4 5 |  5.6
Evocations     | 1 |  1.0
Stealth        | 1 |  1.4

Action                     |  1- 3 |  4- 6 |  7- 9 || total
---------------------------+-------+-------+-------++-------
  Melee: War axe           |    49 |    94 |   224 ||   367
 Invoke: Recall Ancestor   |       |       |     1 ||     1
         Ancestor Identity |       |       |     1 ||     1
  Evoke: Wand              |       |       |     8 ||     8
    Use: Scroll            |       |       |    14 ||    14
         Potion            |       |       |     1 ||     1
   Stab: Distracted        |       |       |     1 ||     1
 Armour: Scale mail        |    40 |    71 |   166 ||   277
  Dodge: Dodged            |    34 |    33 |   131 ||   198
  Block: Buckler           |    14 |    31 |    67 ||   112

Table legend: (Time is in decaauts)
 A = Elapsed time spent in this place.
 B = Non-inter-level travel time spent in this place.
 C = Inter-level travel time spent in this place.
 D = Time resting spent in this place.
 E = Time spent auto-exploring this place.
 F = Levels seen in this place.
 G = Mean time per level.
                   A        B        C        D        E       F      G
               +--------+--------+--------+--------+--------+-----+--------+
         Total |   6989 |   6629 |    360 |    906 |   4651 |   8 |  873.6 |
       Dungeon |   6989 |   6629 |    360 |    906 |   4651 |   8 |  873.6 |
               +--------+--------+--------+--------+--------+-----+--------+

Top non-repeatable levels by time:
     D:7: 1638 daAuts
     D:5: 1615 daAuts
     D:3: 1215 daAuts
     D:4: 957 daAuts
     D:2: 826 daAuts
     D:1: 370 daAuts
     D:6: 250 daAuts
     D:8: 115 daAuts
